 Dungeon Crawl Stone Soup version 0.31-a0-232-gb1c03b2570 (webtiles) character file.

Game seed: 14101172704253304103

8 qw the Shooter (level 2, -3/16 HPs)
             Began as a Gargoyle Hexslinger on July 7, 2023.
             Slain by a goblin
             ... wielding a +0 club
              (4 damage)
             ... on level 1 of the Dungeon.
             The game lasted 00:00:03 (64 turns).

qw the Shooter (Gargoyle Hexslinger)                  Turns: 64, Time: 00:00:04

Health: -3/16      AC:  4    Str: 11    XL:     2   Next: 8%
Magic:  3/3        EV: 12    Int: 13    God:
Gold:   0          SH:  0    Dex: 12    Spells: 2/3 levels left

rFire   . . .        a - +1 sling
rCold   . . .        (no shield)
rNeg    + . .        c - +0 robe
rPois   inf          (no helmet)
rElec   +            (no cloak)
rCorr   .            (no gloves)
SInv    .            (no boots)
Will    .....        (no amulet)
Stlth   +            (no ring)
HPRegen 0.22/turn    (no ring)
MPRegen 0.08/turn

%: no passive effects
@: no status effects
A: sickness immunity, AC +2, negative energy resistance 1, electricity
resistance, torment resistance 1, petrification resistance
a: no special abilities


You were on level 1 of the Dungeon.
You visited 1 branch of the dungeon, and saw 1 of its levels.


Innate Abilities, Weirdness & Mutations

You are immune to sickness and miasma.
Your stone body is resilient. (AC +2)
You are immune to poison.
You resist negative energy. (rN+)
You are resistant to electric shocks. (rElec)
You are resistant to unholy torment.
You are immune to petrification.


   Skills:
 - Level 1.1 Fighting
 + Level 2.7 Ranged Weapons
 - Level 1.5 Dodging
 - Level 1.0 Spellcasting
 - Level 2.6 Hexes


You had 2 spell levels left.
You knew the following spells:

 Your Spells              Type           Power      Damage    Failure   Level
a - Slow                  Hex            28%        N/A       10%         1

Your spell library contained the following spells:

 Spells                   Type           Power      Damage    Failure   Level
 Inner Flame              Hex/Fire       4%         N/A       43%         3
 Portal Projectile        Hex/Tloc       8%         N/A       43%         3
 Cause Fear               Hex            3%         N/A       67%         4

Inventory:

Hand Weapons
 a - a +1 sling (weapon)
Armour
 c - a +0 robe (worn)
 d - a +0 leather armour
 f - a +0 leather armour of positive energy
Scrolls
 b - a scroll of poison
 e - a scroll of enchant armour {unknown}

Dungeon Overview and Level Annotations

Branches:
Dungeon (1/15)

Altars:

Shops:
D:1 =


Message History

The goblin shouts!
A rat comes into view.
You shoot a sling bullet. The sling bullet hits the dart slug.
The dart slug is almost dead.
An endoplasm comes into view.
A rat comes into view.
A goblin comes into view. It is wielding a +0 club.
The kobold barely misses you.
The rat moves out of view.
You shoot a sling bullet. The goblin shouts!
The endoplasm quivers.
The sling bullet hits the dart slug but does no damage.
The dart slug is almost dead.
The dart slug launches a dart at you. The slug dart hits you.
Ouch! That really hurt!
The kobold hits you with a +0 dagger.
You shoot a sling bullet. The sling bullet hits the dart slug.
You kill the dart slug!
The kobold barely misses you.
You have reached level 2!
You shoot a sling bullet.
The sling bullet closely misses the kobold.
The kobold hits you but does no damage.
You shoot a sling bullet.
The sling bullet hits the kobold but does no damage.
The kobold hits you with a +0 dagger. The goblin closely misses you.
The kobold hits you but does no damage. The goblin closely misses you.
You shoot a sling bullet.
The sling bullet hits the kobold but does no damage.
The kobold barely misses you.
You shoot a sling bullet.
The sling bullet closely misses the kobold.
The goblin misses you. The kobold hits you with a +0 dagger.
You shoot a sling bullet. The sling bullet hits the kobold.
You kill the kobold!
The goblin hits you with a +0 club. The goblin completely misses you.
You shoot a sling bullet. The sling bullet hits the goblin.
You kill the goblin!
The rat bites you. The goblin hits you with a +0 club.
You die...

#.........##
#...........
#...........
...........
.......... #####
.Jr.... .....
####gr.# ..
..... #..)@# ...
....###.#..##
.... ......#...#
#..####.##.#.#.#
#..#....8.8.#.#
#....#..\....#
#....8.8.#.....
##..........#..#
#.#...#....# ##


You could see an endoplasm, a goblin and 2 rats.

Vanquished Creatures
  A dart slug (D:1)
  An endoplasm (D:1)
  A goblin (D:1)
  2 kobolds (D:1)
  A ball python (D:1)
  A rat (D:1)
7 creatures vanquished.

Notes
Turn   | Place    | Note
-------+----------+-------------------------------------------
     0 | D:1      | qw the Gargoyle Hexslinger began the quest for the Orb.
     0 | D:1      | Reached XP level 1. HP: 12/12 MP: 2/2
     0 | D:1      | 0 ||| qw: Version: 0.3-a-46-gb1f654a
     0 | D:1      | 0 ||| qw: Game counter: 2240
     0 | D:1      | 0 ||| qw: Melee chars always use a shield: true
     0 | D:1      | 0 ||| qw: God list: Okawaru
     0 | D:1      | 0 ||| qw: Allow faded altars: false
     0 | D:1      | 0 ||| qw: Do Orc after clearing Dungeon:15 true
     0 | D:1      | 0 ||| qw: Do second Lair branch before Depths: true
     0 | D:1      | 0 ||| qw: Lair rune preference: random
     0 | D:1      | 0 ||| qw: Goals: Normal
     0 | D:1      | 0 ||| PLANNING D:1-11
    31 | D:1      | Found Laggeleh's Jewellery Emporium.
    44 | D:1      | 44 ||| SHOPLISTING +6 ring of strength (504 gold, have 0).
    44 | D:1      | 44 ||| SHOPLISTING ring of Res Nullius {*Slow MP+9 Int+3
                  | SInv} (446 gold, have 0).
    44 | D:1      | 44 ||| SHOPLISTING ring of ice (350 gold, have 0).
    44 | D:1      | 44 ||| SHOPLISTING ring of willpower (350 gold, have 0).
    59 | D:1      | Reached XP level 2. HP: 6/16 MP: 3/3
    63 | D:1      | HP: 3/16 [goblin/+0 club (3)]
    64 | D:1      | HP: 1/16 [rat (2)]
    64 | D:1      | Slain by a goblin

Levels and vault maps discovered:
D:1:      dpeg_arrival_water_temple_mockup, layout_basic, serial_shops,
          nicolae_shop_tiny_statue_garden, nrook_mini_vaults

Action                     || total
---------------------------++-------
   Fire: Sling             ||    22
 Armour: Robe              ||     2
  Dodge: Dodged            ||     9

Table legend:
 A = Non-vault XP
 B = Vault XP
 C = Vault XP percentage of total XP
 D = Non-vault monster count
 E = Vault monster count
 F = Vault count percentage of total count
                 A         B        C        D         E       F
            +---------+---------+-------+---------+---------+-------
      Total |      14 |       0 |   0.0 |       7 |       0 |   0.0
            +---------+---------+-------+---------+---------+-------
        D:1 |      14 |       0 |   0.0 |       7 |       0 |   0.0
            +---------+---------+-------+---------+---------+-------
